 Dungeon Crawl Stone Soup version 0.28.0-53-g5a82cb258f (webtiles) character file.

Game seed: 12869100633516998418

154575 Zeld the Slayer (level 16, -6/174 HPs)
             Began as a Minotaur Berserker on May 23, 2022.
             Was an Elder of Trog.
             Mangled by a pharaoh ant (19 damage)
             ... on level 1 of the Spider Nest.
             The game lasted 00:44:47 (42411 turns).

Zeld the Slayer (Minotaur Berserker)               Turns: 42411, Time: 00:44:48

Health: -6/174     AC: 18    Str: 24    XL:     16   Next: 78%
Magic:  13/13      EV: 13    Int: 11    God:    Trog [****..]
Gold:   426        SH:  9    Dex: 11    Spells: 15/15 levels left

rFire   + + .      SeeInvis +   b - +9 war axe "Ydockemy" {vorpal, rPois rF++ Str-3 SInv}
rCold   . . .      Faith    .   y - +3 kite shield
rNeg    + . .      Spirit   .   t - +0 plate armour
rPois   +          Reflect  .   E - +2 hat of a Labyrinth {Rampage rN+ rCorr}
rElec   .          Harm     .   j - +1 cloak
rCorr   +          Rampage  +   u - +0 pair of gloves
Will    +++..                   G - +0 pair of boots
Stlth   ..........              A - amulet of regeneration
HPRegen 2.19/turn               H - ring of Muoqip {EV+4 Int+7 Stlth+}
MPRegen 0.13/turn               J - ring of see invisible

@: strong-willed, regenerating, studying Armour
A: horns 2, retaliatory headbutt, deformed body, low MP 1, weak 1
}: 1/15 runes: decaying
a: Renounce Religion, Berserk, Trog's Hand, Brothers in Arms


You were on level 1 of the Spider Nest.
You worshipped Trog.
Trog was greatly pleased with you.
You visited 6 branches of the dungeon, and saw 29 of its levels.
You visited the Abyss 1 time.
You also visited: Sewer and Gauntlet.

You collected 2359 gold pieces.
You spent 1933 gold pieces at shops.

Inventory:

Hand Weapons
 a - the +5 battleaxe of Psychosis {flame, Contam rN+ Str+2 Dex+3}
   (Trog gifted it to you on level 1 of the Lair of Beasts)

   It burns those it strikes, dealing additional fire damage.
   Big, fiery blades are also staple armaments of hydra-hunters.
   Str:       It affects your strength (+2).
   Dex:       It affects your dexterity (+3).
   rN:        It protects you from negative energy.
   Contam:    It causes magical contamination when unequipped.
 b - the +9 war axe "Ydockemy" (weapon) {vorpal, rPois rF++ Str-3 SInv}
   (You found it on level 8 of the Dungeon)

   It inflicts extra damage upon your enemies.
   Str:       It affects your strength (-3).
   rF:        It greatly protects you from fire.
   rPois:     It protects you from poison.
   SInv:      It lets you see invisible.
Armour
 j - a +1 cloak (worn)
 t - a +0 plate armour (worn)
 u - a +0 pair of gloves (worn)
 y - a +3 kite shield (worn)
 E - the +2 hat of a Labyrinth (worn) {Rampage rN+ rCorr}
   (You found it in a Gauntlet)

   rN:        It protects you from negative energy.
   rCorr:     It protects you from acid and corrosion.
   Rampage:   It bestows one free step when moving towards enemies.
 G - a +0 pair of boots (worn)
Jewellery
 z - a ring of protection from cold
 A - an amulet of regeneration (around neck)
 C - an amulet of the acrobat
 H - the ring of Muoqip (left hand) {EV+4 Int+7 Stlth+}
   (You found it on level 15 of the Dungeon)

   [ring of evasion]

   EV:        It affects your evasion (+4).
   Int:       It affects your intelligence (+7).
   Stlth:     It makes you more stealthy.
 J - a ring of see invisible (right hand)
Wands
 w - a wand of iceblast (30)
 B - a wand of digging (1)
 D - a wand of flame (80)
 F - a wand of polymorph (19)
Scrolls
 c - 5 scrolls of fear
 e - 8 scrolls of enchant weapon
 i - 4 scrolls of teleportation
 n - 2 scrolls of summoning
 o - 7 scrolls of identify
 r - a scroll of enchant armour
 K - 2 scrolls of brand weapon
Potions
 f - 2 potions of ambrosia
 g - 7 potions of might
 h - 5 potions of resistance
 k - 2 potions of haste
 l - 6 potions of curing
 m - 2 potions of magic
 p - 2 potions of berserk rage
 v - 6 potions of flight
 I - 2 potions of cancellation
Miscellaneous
 d - a phantom mirror


   Skills:
 * Level 23.8 Fighting
 - Level 20.0 Axes
 - Level 12.0 Armour
 + Level 13.1 Dodging
 + Level 4.5 Evocations


You had 15 spell levels left.
You didn't know any spells.
Your spell library was empty.

Dungeon Overview and Level Annotations

Branches:
Dungeon (15/15)            Temple (1/1) D:7            Lair (6/6) D:9
  Swamp (4/4) Lair:4       Spider (1/4) Lair:4        Slime (0/5) Lair:6
    Orc (2/2) D:11            Elf (0/3) Orc:2        Vaults (0/5) D:13
 Depths (0/4) D:15          Sewer (visited)         Gauntlet (visited)

Altars:
Ashenzari
Cheibriados
Dithmenos
Elyvilon
Fedhas
Gozag
Hepliaklqana
Kikubaaqudgha
Makhleb
Nemelex Xobeh
Okawaru
Qazlal
Ru
Sif Muna
Trog
Uskayaw
Vehumet
Wu Jian
Xom
Yredelemnul
Zin
The Shining One
Beogh

Shops:
D:2 ?   D:4 =   D:5 [   D:10 *   D:11 (   Orc:2 ::!?

Annotations:
D:14 2 transporters, Rudyous's ghost, journeyman MiBe


Innate Abilities, Weirdness & Mutations

You have a pair of horns on your head.
You reflexively headbutt those who attack you in melee.
Armour fits poorly on your strangely shaped body.
Your magical capacity is low. (-10% MP)
You are weak. (Str -2)


Message History

You slash the spark wasp! You headbutt the spark wasp.
The spark wasp is moderately wounded.
You hit the demonic crawler but do no damage.
The spark wasp stings you!
* * * LOW HITPOINT WARNING * * *
The spark wasp shocks you!
* * * LOW HITPOINT WARNING * * *
The spark wasp stings you but does no damage.
The demonic crawler hits you!
* * * LOW HITPOINT WARNING * * *
You block the demonic crawler's attack. The demonic crawler hits you.
* * * LOW HITPOINT WARNING * * *
Unknown command.
As you read the scroll of fear, it crumbles to dust.
You assume a fearsome visage.
The demonic crawler resists with almost no effort.
The wolf spider looks frightened!
The spark wasp looks frightened!
The pharaoh ant is unaffected.
You carefully extract the barbed spikes from your body.
You block the demonic crawler's attack.
The demonic crawler hits you but does no damage.
The demonic crawler misses you.
An orb spider comes into view.
Unknown command.
Okay, then.
Found a chain mail.
The pharaoh ant barely misses you. The demonic crawler barely misses you.
The demonic crawler hits you but does no damage. x2
Okay, then.
Your skin crawls.
You feel strong-willed. Trog will no longer gift you weapons.
The pharaoh ant closely misses you. You furiously retaliate!
You headbutt the pharaoh ant. The demonic crawler misses you.
You furiously retaliate!
You headbutt the demonic crawler! The demonic crawler hits you.
* * * LOW HITPOINT WARNING * * *
The demonic crawler hits you but does no damage.
The pharaoh ant bites you!!
You die...

.......#..##...#..#.
#...#.........#^#..
.......#.........#
...!.#...####.#...#
.......##....y###.#
....#....#.....$.##
..........##......#
.#..#..#......#....#
.......@s###^#..#.##
.#...#.B#...#.#.....
#......s......##.^.
...#s.#..........#
... ^#. .####.#.s .#
..s. .. . ...#. ..
.#[ .. ...


You could see a spark wasp (fleeing), a demonic crawler, a wolf spider
(fleeing), an orb spider, a pharaoh ant and a jumping spider (soul bound).

Vanquished Creatures
  Saint Roka (Orc:2)
  Jorgrun (D:13)
  Mlioglotl (Swamp:1)
  A tentacled starspawn (Abyss:3)
  Kirke (D:15)
  2 fenstrider witches (Swamp:4)
  A cacodemon (Abyss:3)
  Louise (Swamp:4)
  A ghost moth (Spider:1)
  Nessos (Orc:2)
  4 eleionomae
  3 bunyips
  A green draconian (Abyss:3)
  A minotaur (Gauntlet)
  A spark wasp (Spider:1)
  A green death (Abyss:3)
  Josephine (D:13)
  The ghost of zeram the Cleaver, a journeyman MiFi of Yredelemnul (Orc:1)
  2 shambling mangroves
  3 fire dragons
  A vault guard (D:13)
  4 boulder beetles
  23 hydras
  7 centaur warriors
  3 death knights
  6 alligators
  A hell hog (Abyss:3)
  3 two-headed ogres
  2 tengu warriors (D:15)
  6 orc high priests (Orc:2)
  A thrashing horror (Abyss:3)
  Urug (D:13)
  A spriggan berserker (Swamp:3)
  2 sun moths (Spider:1)
  A pharaoh ant (Spider:1)
  2 steelbarb worms (Spider:1)
  2 flayed ghosts
  2 spriggan druids
  2 bog bodies
  A goliath frog (Swamp:2)
  7 swamp dragons
  An orb spider (Spider:1)
  A phantasmal warrior (D:14)
  A harpy (shapeshifter) (D:14)
  10 orc knights
  10 large abominations (Abyss:3)
  2 orc sorcerers
  3 cyclopes
  A wolf spider (Spider:1)
  6 manticores
  6 black mambas
  A will-o-the-wisp (Abyss:3)
  12 ugly things
  A worldbinder (Abyss:3)
  A torpor snail (Lair:6)
  19 elephants
  A titan simulacrum (Abyss:3)
  Maurice (Orc:2)
  An orange demon (Abyss:3)
  4 smoke demons (Abyss:3)
  A gargoyle (D:14)
  6 rime drakes
  A kobold demonologist (D:12)
  17 cane toads
  11 komodo dragons
  An unseen horror (Abyss:3)
  A spectral two-headed ogre (Orc:1)
  4 ancient zymes (Abyss:3)
  2 ice devils
  A meliai (Lair:4)
  2 polar bears (Lair:4)
  11 trolls
  7 hornets
  7 tarantellas (Spider:1)
  6 tyrant leeches
  8 dream sheep
  5 raiju (Abyss:3)
  7 small abominations (Abyss:3)
  A shadow (D:11)
  Sigmund (D:4)
  A jumping spider (Spider:1)
  5 wyverns
  2 ynoxinuls (Abyss:3)
  2 spriggans (Swamp:4)
  11 wraiths
  4 culicivoras (Spider:1)
  2 humans (D:15)
  35 yaks
  3 hogs (D:15)
  4 basilisks
  28 vampire mosquitoes
  3 chaos spawn (Abyss:3)
  A hog (shapeshifter) (D:14)
  A redback (Spider:1)
  6 steam dragons
  Menkaure (D:7)
  7 swamp worms
  3 wargs
  A swamp worm (shapeshifter) (D:15)
  2 acid dragons
  21 water moccasins
  A hell hound (Gauntlet)
  A hydra simulacrum (Abyss:3)
  46 orc warriors
  A sky beast (D:7)
  9 swamp drakes
  4 necrophages
  4 wolves
  5 ogres
  3 boggarts (D:15)
  13 centaurs
  3 kobold brigands
  6 gnoll sergeants
  2 scorpions
  6 bullfrogs
  A water moccasin skeleton (D:5)
  12 killer bees
  26 wights
  3 howler monkeys
  5 crimson imps (D:8)
  5 centaur zombies
  3 jellies (Lair:6)
  25 orc priests
  A centaur skeleton (D:4)
  7 hounds (D:5)
  3 gnoll shamans (D:5)
  An iron imp (Abyss:3)
  2 iguanas
  10 orc wizards
  2 spectral orcs (Orc:1)
  36 gnolls
  2 adders
  3 howler monkey skeletons
  2 river rats
  2 shadow imps
  3 white imps (D:8)
  2 ufetubi
  A worm (D:2)
  2 dart slugs
  72 orcs
  5 orc simulacra (Orc:1)
  8 endoplasms
  2 giant cockroaches
  9 goblins
  A hobgoblin (D:4)
  10 jackals
  A quokka (D:1)
  3 training dummies (D:11)
  4 ball pythons
  6 bats
  3 frilled lizards
  13 kobolds
  13 rats
  A lurking horror (Abyss:3)
  2 starspawn tentacles (Abyss:3)
  A tentacle (Abyss:3)
849 creatures vanquished.

Vanquished Creatures (collateral kills)
  A thorn hunter (Swamp:4)
  An eleionoma (Swamp:1)
  A bunyip (Swamp:4)
  2 hydras (Swamp:4)
  A swamp dragon (Swamp:4)
  A will-o-the-wisp (Swamp:3)
  A tyrant leech (Swamp:3)
8 creatures vanquished.

Vanquished Creatures (others)
  2 bloated husks
  3 dream sheep (Lair:6)
  A spriggan (Swamp:4)
  A wyvern skeleton (D:7)
  2 small abominations (Abyss:3)
  An iguana (Lair:6)
  A demonic plant (Gauntlet)
  2 foxfires (Swamp:3)
  15 fungi
  53 plants
  A starspawn tentacle (Abyss:3)
  11 tentacles (Abyss:3)
93 creatures vanquished.

Grand Total: 950 creatures vanquished

Notes
Turn   | Place    | Note
-------+----------+-------------------------------------------
     0 | D:1      | Zeld the Minotaur Berserker began the quest for the Orb.
     0 | D:1      | Reached XP level 1. HP: 19/19 MP: 0/0
   330 | D:1      | Reached XP level 2. HP: 26/27 MP: 1/1
   768 | D:2      | Reached skill level 4 in Fighting
   907 | D:2      | Found a faded altar of an unknown god.
  1021 | D:2      | Reached XP level 3. HP: 29/33 MP: 2/2
  1677 | D:2      | Reached XP level 4. HP: 39/41 MP: 3/3
  1885 | D:2      | Found a broken altar of Ashenzari.
  1903 | D:2      | Found Guuvesud's Magic Scroll Shop.
  1925 | D:2      | Bought a scroll of identify for 22 gold pieces
  1925 | D:2      | Bought a scroll of identify for 22 gold pieces
  1925 | D:2      | Bought a scroll of fog for 22 gold pieces
  2181 | D:3      | Reached ** piety under Trog
  3020 | D:4      | Noticed Sigmund
  3027 | D:4      | Killed Sigmund
  3028 | D:4      | Reached skill level 5 in Fighting
  3028 | D:4      | Reached skill level 5 in Axes
  3028 | D:4      | Reached XP level 5. HP: 28/48 MP: 4/4
  3432 | D:4      | Found a shimmering altar of Xom.
  3479 | D:4      | Reached XP level 6. HP: 56/56 MP: 5/5
  3524 | D:4      | Found a shimmering altar of Xom.
  3526 | D:4      | Found a shimmering altar of Xom.
  3527 | D:4      | Found a shimmering altar of Xom.
  3527 | D:4      | Found a shimmering altar of Xom.
  3528 | D:4      | Found a shimmering altar of Xom.
  3624 | D:4      | Found Qadwysuu's Jewellery Boutique.
  4273 | D:4      | Found a hide-covered altar of Uskayaw.
  4405 | D:5      | Entered Level 5 of the Dungeon
  4445 | D:5      | Reached skill level 6 in Fighting
  4471 | D:5      | Reached XP level 7. HP: 37/64 MP: 6/6
  5154 | D:5      | Found Kut Mig's Antique Armour Shop.
  5244 | D:5      | Bought a runed leather armour for 140 gold pieces
  5622 | D:5      | Reached skill level 7 in Fighting
  5953 | D:5      | Reached skill level 5 in Armour
  5960 | D:5      | Reached XP level 8. HP: 33/73 MP: 7/7
  6542 | D:5      | Reached *** piety under Trog
  6874 | D:5      | Reached skill level 8 in Fighting
  7167 | D:2      | Bought a scroll of enchant armour for 82 gold pieces
  7235 | D:6      | Reached skill level 5 in Dodging
  7451 | D:6      | Found a stormy altar of Qazlal.
  7489 | D:6      | Found a glowing drain.
  7511 | Sewer    | Entered a sewer
  7972 | Sewer    | Reached skill level 9 in Fighting
  7972 | Sewer    | Reached XP level 9. HP: 80/83 MP: 8/8
  8044 | Sewer    | Found a white marble altar of Elyvilon.
  8736 | D:6      | Noticed a troll
  8832 | D:2      | Bought a scroll of enchant weapon for 82 gold pieces
  9382 | D:6      | HP: 3/84 [troll (7)]
  9386 | D:6      | HP: 1/126 [troll (7)]
  9387 | D:6      | Killed a troll
 10212 | D:6      | Reached skill level 10 in Fighting
 10215 | D:6      | Reached skill level 10 in Axes
 11042 | D:7      | Found a staircase to the Ecumenical Temple.
 11137 | Temple   | Entered the Ecumenical Temple
 11427 | D:7      | HP: 3/86 [killer bee (3)]
 11428 | D:7      | HP: 1/86 [poisoned by a killer bee]
 11723 | D:7      | Reached XP level 10. HP: 82/93 MP: 9/9
 13307 | D:7      | Noticed Menkaure
 13315 | D:7      | Killed Menkaure
 13912 | D:8      | Reached skill level 11 in Fighting
 15130 | D:8      | Identified the +9 war axe "Ydockemy" {vorpal, rPois rF++
                  | Str-3 SInv}
 15169 | D:8      | Reached **** piety under Trog
 15469 | D:9      | Noticed a two-headed ogre
 15480 | D:9      | Killed a two-headed ogre
 15752 | D:9      | Found a staircase to the Lair.
 15842 | D:9      | Reached skill level 12 in Fighting
 15910 | D:9      | Found a bloodstained altar of Trog.
 16294 | D:9      | Found an iron altar of Okawaru.
 16591 | D:9      | Reached XP level 11. HP: 105/105 MP: 10/10
 16735 | D:10     | Entered Level 10 of the Dungeon
 16773 | D:10     | Found Xumoif's General Store.
 16778 | D:10     | Bought a potion of might for 56 gold pieces
 17179 | D:10     | Found an ancient bone altar of Kikubaaqudgha.
 17183 | D:10     | Noticed a flayed ghost
 17209 | D:10     | Found a basalt altar of Yredelemnul.
 17328 | D:10     | Noticed a death knight
 17595 | D:10     | Found a transporter.
 17616 | D:10     | Reached ***** piety under Trog
 17783 | D:10     | Found a transporter.
 18118 | D:11     | Noticed a boulder beetle
 18135 | D:11     | Killed a boulder beetle
 18136 | D:11     | Reached skill level 13 in Fighting
 18449 | D:11     | Noticed a green ugly thing
 18457 | D:11     | Killed a green ugly thing
 18693 | D:11     | Found Digogini's Firing Range.
 18746 | D:11     | Found a staircase to the Orcish Mines.
 19393 | Orc:1    | Entered Level 1 of the Orcish Mines
 19428 | D:12     | Noticed a two-headed ogre
 19433 | D:12     | Killed a two-headed ogre
 19453 | D:12     | Noticed a death knight
 19454 | D:12     | Noticed a boulder beetle
 19710 | D:12     | Noticed a brown ugly thing
 19739 | D:12     | Killed a brown ugly thing
 20293 | D:12     | Noticed a centaur warrior
 20306 | D:12     | Killed a centaur warrior
 20307 | D:12     | Reached skill level 14 in Fighting
 20307 | D:12     | Reached XP level 12. HP: 68/117 MP: 11/11
 20586 | D:12     | Reached skill level 10 in Armour
 20815 | D:12     | Killed a boulder beetle
 21626 | D:13     | Noticed Urug
 21635 | D:13     | Killed Urug
 21853 | D:13     | Noticed a centaur warrior
 21863 | D:13     | Killed a centaur warrior
 21910 | D:13     | Noticed a centaur warrior
 21917 | D:13     | Killed a centaur warrior
 22038 | D:13     | Received a gift from Trog
 22039 | D:13     | Noticed Josephine
 22047 | D:13     | Killed Josephine
 22140 | D:13     | Noticed a centaur warrior
 22151 | D:13     | Killed a centaur warrior
 22369 | D:13     | Noticed Jorgrun
 22398 | D:13     | Killed Jorgrun
 22399 | D:13     | Reached skill level 15 in Fighting
 22399 | D:13     | Reached skill level 15 in Axes
 22480 | D:13     | Identified the +9 hand crossbow of Qanof {penet, Drain
                  | Fragile rPois Int+9}
 22729 | D:13     | Found a gate to the Vaults.
 22729 | D:13     | Noticed a vault guard
 22742 | D:13     | Killed a vault guard
 22897 | D:14     | Reached skill level 10 in Dodging
 23099 | D:14     | Found a gate leading to a gauntlet.
 23109 | Gauntlet | Entered a Gauntlet
 23109 | Gauntlet | Found a transporter.
 23113 | Gauntlet | Found a transporter.
 23114 | Gauntlet | Noticed a balrug
 23125 | Gauntlet | Found a transporter.
 23129 | Gauntlet | Found a transporter.
 23139 | Gauntlet | Found a transporter.
 23149 | Gauntlet | Noticed an entropy weaver
 23159 | Gauntlet | Found a transporter.
 23171 | Gauntlet | Noticed a blizzard demon
 23172 | Gauntlet | Found a transporter.
 23189 | Gauntlet | Found a transporter.
 23193 | Gauntlet | Found a transporter.
 23201 | Gauntlet | Found a transporter.
 23226 | Gauntlet | Found a transporter.
 23226 | Gauntlet | Found a transporter.
 23703 | Gauntlet | Identified the +2 hat of a Labyrinth {Rampage rN+ rCorr}
 23796 | Gauntlet | Noticed a minotaur
 23805 | Gauntlet | Killed a minotaur
 23870 | D:14     | Noticed a death knight
 24109 | D:14     | Reached XP level 13. HP: 108/128 MP: 12/12
 24349 | D:14     | Found a transporter.
 24352 | D:14     | Noticed Rudyous's ghost (journeyman MiBe)
 24356 | D:14     | Found a transporter.
 24440 | D:14     | Found a hide-covered altar of Uskayaw.
 24452 | D:14     | Reached skill level 16 in Fighting
 24914 | D:15     | Entered Level 15 of the Dungeon
 25345 | D:15     | Identified the ring of Muoqip {EV+4 Int+7 Stlth+}
 25604 | D:15     | Noticed Kirke
 25627 | D:15     | Killed Kirke
 25704 | D:15     | Noticed a fire dragon
 25704 | D:15     | Noticed a fire dragon
 25714 | D:15     | Killed a fire dragon
 25717 | D:15     | Killed a fire dragon
 25718 | D:15     | Reached skill level 17 in Fighting
 25718 | D:15     | Found a staircase to the Depths.
 26330 | Lair:1   | Entered Level 1 of the Lair of Beasts
 26524 | Lair:1   | Identified a scroll of acquirement
 26525 | Lair:1   | Acquired a manual of Armour
 26772 | Lair:1   | You fall into a shaft and drop 1 floor!
 26868 | Lair:2   | Reached XP level 14. HP: 112/140 MP: 13/13
 27440 | Lair:1   | Identified the +5 battleaxe of Psychosis {flame, Contam rN+
                  | Str+2 Dex+3} (Trog gifted it to you on level 1 of the Lair
                  | of Beasts)
 27440 | Lair:1   | Received a gift from Trog
 28259 | Lair:4   | Found a hole to the Spider Nest.
 28647 | Lair:4   | Reached skill level 18 in Fighting
 28848 | Lair:4   | Found a staircase to the Swamp.
 29143 | Swamp:1  | Entered Level 1 of the Swamp
 29973 | Lair:6   | Entered Level 6 of the Lair of Beasts
 29985 | Lair:6   | Received a gift from Trog
 30015 | Lair:6   | Found an opulent altar of Gozag.
 30068 | Lair:6   | Reached skill level 19 in Fighting
 30088 | Lair:6   | Gained mutation: You occasionally shout uncontrollably at
                  | your foes. [potion of mutation]
 30088 | Lair:6   | Gained mutation: You are strong-willed. (Will+) [potion of
                  | mutation]
 30088 | Lair:6   | Gained mutation: You are partially covered in iridescent
                  | scales. (AC +2) [potion of mutation]
 30189 | Lair:6   | Lost mutation: You occasionally shout uncontrollably at
                  | your foes. [potion of mutation]
 30189 | Lair:6   | Lost mutation: You are strong-willed. (Will+) [potion of
                  | mutation]
 30189 | Lair:6   | Gained mutation: You are clumsy. (Dex -2) [potion of
                  | mutation]
 30189 | Lair:6   | Gained mutation: You possess an exceptional clarity of
                  | mind. [potion of mutation]
 30307 | Lair:6   | Lost mutation: You possess an exceptional clarity of mind.
                  | [potion of mutation]
 30307 | Lair:6   | Lost mutation: You are clumsy. (Dex -2) [potion of
                  | mutation]
 30307 | Lair:6   | Lost mutation: You are partially covered in iridescent
                  | scales. (AC +2) [potion of mutation]
 30307 | Lair:6   | Gained mutation: You are weak. (Str -2) [potion of
                  | mutation]
 30307 | Lair:6   | Gained mutation: You have an increased reservoir of magic.
                  | (+10% MP) [potion of mutation]
 30307 | Lair:6   | Gained mutation: Your natural rate of healing is unusually
                  | fast. [potion of mutation]
 30315 | Lair:6   | Lost mutation: You are weak. (Str -2) [potion of mutation]
 30315 | Lair:6   | Lost mutation: You have an increased reservoir of magic.
                  | (+10% MP) [potion of mutation]
 30315 | Lair:6   | Lost mutation: Your natural rate of healing is unusually
                  | fast. [potion of mutation]
 30315 | Lair:6   | Gained mutation: Your body sometimes deteriorates upon
                  | taking damage. [potion of mutation]
 30315 | Lair:6   | Gained mutation: Your magical capacity is low. (-10% MP)
                  | [potion of mutation]
 30315 | Lair:6   | Gained mutation: You sometimes lose the ability to read
                  | scrolls when taking damage. [potion of mutation]
 30315 | Lair:6   | Gained mutation: You possess an exceptional clarity of
                  | mind. [potion of mutation]
 30321 | Lair:6   | Lost mutation: You possess an exceptional clarity of mind.
                  | [potion of mutation]
 30321 | Lair:6   | Lost mutation: You sometimes lose the ability to read
                  | scrolls when taking damage. [potion of mutation]
 30321 | Lair:6   | Lost mutation: Your body sometimes deteriorates upon taking
                  | damage. [potion of mutation]
 30321 | Lair:6   | Gained mutation: Armour fits poorly on your strangely
                  | shaped body. [potion of mutation]
 30468 | Lair:6   | Found a staircase to the Slime Pits.
 30752 | Lair:6   | Reached XP level 15. HP: 126/152 MP: 12/12
 31717 | D:10     | Bought a scroll of brand weapon for 280 gold pieces
 31717 | D:10     | Bought a phantom mirror for 560 gold pieces
 31980 | Orc:1    | Found a runed translucent gate.
 31981 | Orc:1    | Found a runed translucent gate.
 32053 | Orc:1    | Found a runed translucent gate.
 32172 | Orc:1    | Noticed zeram's ghost (journeyman MiFi)
 32241 | Orc:1    | Reached skill level 20 in Fighting
 32255 | Orc:1    | Received a gift from Trog
 32758 | Orc:1    | Killed zeram's ghost
 32766 | Orc:1    | Identified the +6 glaive "Westocio" {freeze, rC+ rN++ Dex-4
                  | Stlth+}
 32804 | Orc:2    | Entered Level 2 of the Orcish Mines
 32809 | Orc:2    | Noticed Nessos
 32820 | Orc:2    | Killed Nessos
 32888 | Orc:2    | Found a staircase to the Elven Halls.
 32936 | Orc:2    | Noticed Saint Roka
 32954 | Orc:2    | Killed Saint Roka
 33399 | Orc:2    | Noticed Maurice
 33413 | Orc:2    | Killed Maurice
 33438 | Orc:2    | Identified the +4 battleaxe "Impbane" {vorpal, rC- rN+
                  | Str-3 Dex+10} (Trog gifted it to you on level 2 of the
                  | Orcish Mines)
 33438 | Orc:2    | Received a gift from Trog
 33438 | Orc:2    | Found Osedufoi's Magic Scroll Emporium.
 33444 | Orc:2    | Found Orimyo's Book Emporium.
 33444 | Orc:2    | Found Enidehy's Book Emporium.
 33642 | Orc:2    | Reached skill level 21 in Fighting
 33805 | Orc:2    | Found Caduson's Distillery.
 33813 | Orc:2    | Bought a potion of curing for 48 gold pieces
 33813 | Orc:2    | Bought a potion of flight for 48 gold pieces
 33813 | Orc:2    | Bought a potion of flight for 48 gold pieces
 33815 | Orc:2    | Bought a scroll of fear for 52 gold pieces
 33815 | Orc:2    | Bought a scroll of fear for 52 gold pieces
 33815 | Orc:2    | Bought a scroll of fear for 52 gold pieces
 33815 | Orc:2    | Bought a scroll of identify for 30 gold pieces
 33815 | Orc:2    | Bought 3 scrolls of enchant weapon for 337 gold pieces
 34477 | D:10     | Identified the amulet "Ametzob" {Faith rN+ rCorr Int+4}
 35096 | Swamp:1  | Noticed Mlioglotl
 35096 | Swamp:1  | Paralysed by a hornet for 2 turns
 35102 | Swamp:1  | Noticed a tentacled starspawn
 35387 | Swamp:1  | Killed Mlioglotl
 35867 | Swamp:1  | Reached skill level 22 in Fighting
 35991 | Swamp:1  | Received a gift from Trog
 36527 | Swamp:1  | HP: 10/240 [eleionoma/spray of wooden splinters (11)]
 36655 | Swamp:2  | Reached XP level 16. HP: 158/170 MP: 13/13
 37044 | Swamp:4  | Entered Level 4 of the Swamp
 37047 | Swamp:4  | Paralysed by a fenstrider witch for 3 turns
 37689 | Swamp:4  | Reached skill level 1 in Evocations
 38575 | Swamp:4  | Noticed Louise
 38873 | Swamp:3  | Reached skill level 23 in Fighting
 39209 | Swamp:4  | Killed Louise
 39213 | Swamp:4  | Noticed a thorn hunter
 39546 | Swamp:4  | Killed a thorn hunter
 40069 | Swamp:4  | Cast into level 3 of the Abyss (spriggan rider)
 40116 | Abyss:3  | Found a basalt altar of Yredelemnul.
 40566 | Abyss:3  | Noticed a lich
 40567 | Abyss:3  | Found a basalt altar of Yredelemnul.
 40577 | Abyss:3  | Found a corrupted altar of Lugonu.
 40647 | Abyss:3  | Found a corrupted altar of Lugonu.
 40657 | Abyss:3  | Noticed a tentacled starspawn
 40667 | Abyss:3  | Killed a tentacled starspawn
 40674 | Abyss:3  | Paralysed by accursed screaming for 1 turns
 40806 | Abyss:3  | Noticed a kraken
 40889 | Abyss:3  | HP: 6/172 [large abomination (9)]
 40952 | Swamp:4  | Escaped the Abyss
 41612 | Swamp:4  | Got a decaying rune of Zot
 41764 | Lair:4   | Gained mutation: You are weak. (Str -2) [mutagenic glow]
 42063 | Spider:1 | Entered Level 1 of the Spider Nest
 42411 | Spider:1 | Mangled by a pharaoh ant

Illustrated notes

Levels and vault maps discovered:
D:1:      dpeg_arrival_line_fractal, layout_loops_ring
D:2:      layout_loops_corners, serial_shops,
          nicolae_shop_competitors_out_of_business, basic_ecumenical_altar,
          basic_altar
D:3:      layout_loops_ring
D:4:      layout_loops_corners, xom_redecorated,
          mainiacjoe_overflow_surrounded_room, serial_shops,
          nicolae_stop_n_shop_1, uniq_sigmund
D:5:      layout_cave_pools, serial_gnoll_camp, gnoll_camp_mini_basic,
          gnoll_camp_medium_01, gnoll_camp_huts_basic, gnoll_camp_mini_basic,
          gnoll_camp_mini_shop, kennysheep_nub
D:6:      layout_layer_cave, mainiacjoe_overflow_concentric_impassable,
          portal_sewer_entry_b, minmay_between
D:7:      layout_loops_corners, minmay_temple_entry_nine_rooms,
          serial_bayou_pond_e, st_stairs_11, uniq_menkaure
D:8:      layout_basic, minivault_11, minmay_nine_imps
D:9:      layout_long_grid, lemuel_tele_altar, okawaru_metal_pillars_1_2,
          david_lair_shrubbed, amcnicky_mini_pool_small, serial_park_tiny_pond,
          grunt_ministairs_1, minmay_door_square
D:10:     layout_gridville, gammafunk_temple_of_torment, serial_shops,
          kennysheep_little_box
D:11:     layout_irregular_city, orc_0_dummy, nicolae_shop_firing_range
D:12:     layout_irregular_city, minmay_fractal_squares_diagonal_5
D:13:     layout_roguey, david_vaults_5, lemuel_flamethrower_3, uniq_jorgrun,
          uniq_urug, uniq_josephine
D:14:     layout_roguey, nicolae_uskayaw_dance_hall, gauntlet_entry_generic,
          gammafunk_ghost_mausoleum
D:15:     grunt_enter_depths_hoard, layout_small_grid, hangedman_decor_riveting,
          uniq_kirke
Temple:   regret_index_temple_waves
Lair:1:   layout_cave_pods
Lair:2:   layout_misc_corridors, grunt_megastairs_3
Lair:3:   layout_big_grid
Lair:4:   layout_cellular_growth, swamp_mist, hellmonk_spider_entry_not_the_bees
Lair:5:   layout_gridlike
Lair:6:   guppyfry_lair_end_dragon, layout_gridlike,
          nicolae_slime_entry_slimehenge, basic_altar
Swamp:1:  nicolae_swamp_wrong_neighborhood, layout_basic_swamp,
          hangedman_swamp_lotus, swamp_pool3, uniq_mlioglotl
Swamp:2:  layout_basic_swamp, nicolae_swamp_feature_on_the_river_bank,
          cheibrodos_swamp_pet_leeches
Swamp:3:  layout_falls_marsh, nicolae_swamp_little_swirl, swamp_pool4
Swamp:4:  swamp, layout_basic_swamp, uniq_louise
Spider:1: layout_spider_delve, worms_lemuel
Orc:1:    layout_diamond_mine, gammafunk_ghost_necromancy, enter_volcano_1,
          special_room [special_room_orc]
Orc:2:    st_orc_pillars, layout_diamond_mine, basic_altar, uniq_saint_roka,
          uniq_maurice, uniq_nessos

Skill      XL: |  1  2  3  4  5  6  7  8  9 10 11 12 13 14 15 16 |
---------------+-------------------------------------------------+-----
Fighting       | 4 5 6 7 9 10 12 14 15 17 19 22 23 | 23.8
Axes           | 4 5 6 7 8 10 12 13 15 17 18 20 | 20.0
Armour         | 3 4 5 6 7 8 9 11 12 | 12.0
Dodging        | 3 4 5 6 7 9 10 11 12 13 | 13.1
Evocations     | 4 |  4.5

Action                   |  1- 3 |  4- 6 |  7- 9 | 10-12 | 13-15 | 16-18 || total
-------------------------+-------+-------+-------+-------+-------+-------++-------
Melee: Hand axe          |    50 |    99 |   390 |   108 |       |       ||   647
       Headbutt          |     5 |    13 |    86 |   109 |   217 |    90 ||   520
       Punch             |     2 |     1 |     1 |       |       |       ||     4
       War axe           |       |       |       |   416 |   324 |   150 ||   890
       Battleaxe         |       |       |       |       |   628 |   280 ||   908
Invok: Trog's Hand       |       |       |     3 |     2 |     1 |     3 ||     9
       Berserk           |       |       |     1 |     4 |     5 |     3 ||    13
       Brothers in Arms  |       |       |       |     1 |     2 |     4 ||     7
Evoke: Wand              |       |       |       |       |       |     2 ||     2
       Phantom mirror    |       |       |       |       |       |     1 ||     1
  Use: Scroll            |       |     3 |     5 |     4 |    22 |     6 ||    40
       Potion            |       |       |     2 |     1 |     7 |     2 ||    12
 Stab: Sleeping          |       |     1 |       |       |       |       ||     1
Armor: Animal skin       |    10 |    32 |       |       |       |       ||    42
       Plate armour      |       |       |   294 |   270 |   388 |   241 ||  1193
Dodge: Dodged            |    32 |    72 |   168 |   161 |   596 |   383 ||  1412
Block: Kite shield       |       |       |   156 |   150 |   123 |    73 ||   502
